BOSTON vs LOS ANGELES

Created - May-14-21 at 12:41

Goals
1 2 3 T
BOSTON 1 0 1 2
LOS ANGELES 3 1 0 4
Shots
1 2 3 T
BOSTON 5 9 9 23
LOS ANGELES 20 8 7 35

1st period

1. BOSTON , Ivan Barbashev 12 (Philippe Myers 19, Blake Comeau 9) at 3:16
2. LOS ANGELES , Nick Bonino 19 (Jonathan Toews 40, Alex Goligoski 28) at 6:36
3. LOS ANGELES , Nick Cousins 2 (Josh Manson 15, Vladislav Namestnikov 16) at 9:20
4. LOS ANGELES , Mika Zibanejad 36 (Alex Goligoski 29, Tyler Seguin 31) at 10:37

Penalties :
Ivan Barbashev (BOS) for Hooking (Minor) at 1:00, Philippe Myers (BOS) for Holding (Minor) at 7:15

2nd period

5. LOS ANGELES , Travis Zajac 8 (Alex Goligoski 30, Zdeno Chara 19) at 11:32

Penalties :
Mike Hoffman (LOS) for Kneeing (Minor) at 4:00, Ivan Provorov (BOS) for Hooking (Minor) at 6:51

3rd period

6. BOSTON , Blake Comeau 14 (Ivan Barbashev 24, Alec Martinez 24) at 17:10 (PP)

Penalties :
Josh Manson (LOS) for Roughing (Minor) at 15:20

Goalie Stats

Thatcher Demko (BOS), 31 saves from 35 shots - (0.886), L, 19-22-2, 60:00 minutes
Antti Raanta (LOS), 21 saves from 23 shots - (0.913), W, 44-20-5, 60:00 minutes

Players Stats for BOSTON

Player Name              G  A  P  +/- PIM S  H  SB GA TA FO     MP     PP MP  PK MP  
------------------------------------------------------------------------------------
Alec Martinez            0  1  1  -1  0   2  1  3  0  0  0/0    20:52   2:00   2:35 
Aleksi Saarela           0  0  0   0  0   0  0  0  0  0  0/0     0:00   0:00   0:00 
Alexandre Texier         0  0  0  -1  0   0  0  0  0  0  0/5     4:10   0:00   0:00 
Andrew Mangiapane        0  0  0  -2  0   1  1  0  0  0  0/0    15:25   0:00   0:31 
Blake Comeau             1  1  2   1  0   2  1  1  0  0  0/0    18:42   2:12   0:00 
Casey Mittelstadt        0  0  0  -2  0   1  0  0  0  0  8/19   14:54   0:00   0:00 
Filip Hronek             0  0  0  -1  0   3  2  2  0  0  0/0    20:34   2:00   2:17 
Ilya Kovalchuk           0  0  0   1  0   1  0  0  0  0  0/0    20:37   2:12   1:55 
Ivan Barbashev           1  1  2   1  2   1  0  0  0  0  11/24  18:41   2:12   0:00 
Ivan Provorov            0  0  0  -1  2   2  1  2  0  0  0/0    23:46   1:49   2:06 
Juuso Valimaki           0  0  0  -1  0   0  2  0  0  0  0/0    15:21   0:00   1:16 
Kevin Fiala              0  0  0  -1  0   0  1  0  0  0  1/3    18:12   1:37   1:55 
Miles Wood               0  0  0  -2  0   5  1  0  0  0  0/0    14:54   0:00   0:00 
Miro Heiskanen           0  0  0  -1  0   2  0  4  0  0  0/0    25:21   1:49   3:40 
Nicolas Roy              0  0  0   0  0   0  0  0  0  0  0/0     0:47   0:00   0:00 
Philippe Myers           0  1  1  -1  2   1  1  1  0  0  0/0    14:04   0:00   0:00 
Reilly Smith             0  0  0  -2  0   2  1  1  0  0  4/7    23:11   1:37   3:31 
Victor Olofsson          0  0  0  -1  0   0  0  0  0  0  0/0     4:30   0:00   0:20 
William Nylander         0  0  0  -1  0   0  1  0  0  0  9/21   19:59   1:37   3:42 

Players Stats for LOS ANGELES

Player Name              G  A  P  +/- PIM S  H  SB GA TA FO     MP     PP MP  PK MP  
------------------------------------------------------------------------------------
Alex Goligoski           0  3  3   3  0   2  0  1  0  0  0/0    20:45   3:15   1:38 
Artem Anisimov           0  0  0   0  0   2  0  0  0  0  0/0    14:34   0:00   0:52 
Gabriel Bourque          0  0  0   0  0   0  2  0  0  0  0/0     5:29   0:00   0:00 
John Quenneville         0  0  0   0  0   0  0  0  0  0  0/0     0:00   0:00   0:00 
Johnny Boychuk           0  0  0   0  0   2  2  1  0  0  0/0    14:35   0:00   0:00 
Jonathan Toews           0  1  1   2  0   4  2  0  0  0  15/25  19:59   2:46   2:31 
Josh Manson              0  1  1   0  2   0  2  0  0  0  0/0    14:34   0:00   0:00 
Kris Letang              0  0  0   0  0   2  6  1  0  0  0/0    24:40   2:42   2:11 
Mika Zibanejad           1  0  1   1  0   5  1  0  0  0  15/27  22:00   3:11   2:28 
Mike Hoffman             0  0  0   1  2   2  3  0  0  0  0/0    19:57   3:11   0:26 
Nick Bonino              1  0  1   2  0   4  2  0  0  0  0/0    17:28   2:46   0:00 
Nick Cousins             1  0  1   0  0   2  0  0  0  0  1/1    13:42   0:00   0:00 
Riley Nash               0  0  0   0  0   1  1  0  0  0  3/5     5:29   0:00   0:00 
Ryan McDonagh            0  0  0   0  0   0  1  3  0  0  0/0    20:26   2:42   2:11 
Tim Heed                 0  0  0   0  0   0  0  0  0  0  0/0     4:14   0:00   0:00 
Travis Zajac             1  0  1   2  0   3  2  0  0  0  0/0    17:48   2:46   0:20 
Tyler Seguin             0  1  1   1  0   2  2  0  0  0  4/6    20:33   3:11   1:01 
Valentin Zykov           0  0  0   0  0   1  1  1  0  0  0/1     5:29   0:00   0:00 
Vladislav Namestnikov    0  1  1   0  0   2  1  0  0  0  8/14   13:42   0:00   0:00 
Zdeno Chara              0  1  1   3  0   1  1  0  0  0  0/0    20:45   3:15   1:38 

3 Stars

1 - Alex Goligoski (LOS)
2 - Nick Bonino (LOS)
3 - Travis Zajac (LOS)

Power Play

BOSTON - 1 on 2 Attempt(s) - 50.00%
LOS ANGELES - 0 on 3 Attempt(s) - 0.00%

Penalty Kill

BOSTON - 3 on 3 Attempt(s) - 100.00% - Score 0 goal in Penalty Kill
LOS ANGELES - 1 on 2 Attempt(s) - 50.00% - Score 0 goal in Penalty Kill

Team Stat

BOSTON - Hits : 13 - Faceoff Wins : 33 - Blocked Shots : 14 - Penalty Minutes : 6
LOS ANGELES - Hits : 29 - Faceoff Wins : 46 - Blocked Shots : 7 - Penalty Minutes : 4

Official

Referees : Jean Luc Denicourt and Tim Peel
Linesman : Colin Gates and Jimmy Houghton

Game Notes

No Game Note

Finance

Level 1 -- Attendance: 4557 (75.95%) -- Ticket Income $455,700
Level 2 -- Attendance: 3481 (69.62%) -- Ticket Income $208,860
Level 3 -- Attendance: 1822 (91.10%) -- Ticket Income $63,770
Level 4 -- Attendance: 3635 (90.88%) -- Ticket Income $72,700
Luxury Box -- Attendance: 655 (65.50%) -- Ticket Income $131,000
Game was played at the Staples Center.
Total Attendance: 14150 (78.61%)
Total Ticket Income: $932,030
Total Income: $932,030

BOSTON

5 vs 5 Forward 
   Center                   Left Wing                Right Wing               Time % Phy DF OF 
 1 William Nylander         Reilly Smith             Kevin Fiala              35     1   2  2  
 2 Ivan Barbashev           Ilya Kovalchuk           Blake Comeau             30     1   2  2  
 3 Casey Mittelstadt        Andrew Mangiapane        Miles Wood               25     1   2  2  
 4 Alexandre Texier         Victor Olofsson          Reilly Smith             10     1   2  2  

5 vs 5 Defense 
   Defense                  Defense                                           Time % Phy DF OF 
 1 Ivan Provorov            Miro Heiskanen                                    35     1   2  2  
 2 Alec Martinez            Filip Hronek                                      30     1   2  2  
 3 Philippe Myers           Juuso Valimaki                                    25     1   2  2  
 4 Ivan Provorov            Miro Heiskanen                                    10     1   2  2  

PowerPlay Forward 
   Center                   Left Wing                Right Wing               Time % Phy DF OF 
 1 William Nylander         Reilly Smith             Kevin Fiala              60     1   2  2  
 2 Ivan Barbashev           Ilya Kovalchuk           Blake Comeau             40     1   2  2  

PowerPlay Defense
   Defense                  Defense                                           Time % Phy DF OF 
 1 Ivan Provorov            Miro Heiskanen                                    60     1   2  2  
 2 Alec Martinez            Filip Hronek                                      40     1   2  2  

Penalty Kill 4 Players Forward 
   Center                   Wing                     Time % Phy DF OF 
 1 Reilly Smith             William Nylander         60     1   2  2  
 2 Kevin Fiala              Ilya Kovalchuk           40     1   2  2  

Penalty Kill 4 Players Defense
   Defense                  Defense                  Time % Phy DF OF 
 1 Ivan Provorov            Miro Heiskanen           60     1   2  2  
 2 Alec Martinez            Filip Hronek             40     1   2  2  

Penalty Kill - 3 Players Forward 
   Forward                                           Time % Phy DF OF 
 1 Reilly Smith                                      60     1   2  2  
 2 William Nylander                                  40     1   2  2  

Penalty Kill - 3 Players Defense
   Defense                  Defense                  Time % Phy DF OF 
 1 Ivan Provorov            Miro Heiskanen           60     1   2  2  
 2 Alec Martinez            Filip Hronek             40     1   2  2  

4 vs 4 Forward 
   Center                   Wing                     Time % Phy DF OF 
 1 Reilly Smith             William Nylander         60     1   2  2  
 2 Kevin Fiala              Ilya Kovalchuk           40     1   2  2  

4 vs 4 Defense
   Defense                  Defense                  Time % Phy DF OF 
 1 Ivan Provorov            Miro Heiskanen           60     1   2  2  
 2 Alec Martinez            Filip Hronek             40     1   2  2  

Last Minutes Offensive
   Center                   Left Wing                Right Wing               Defense                  Defense                  
   William Nylander         Reilly Smith             Kevin Fiala              Ivan Provorov            Miro Heiskanen           

Last Minutes Defensive
   Center                   Left Wing                Right Wing               Defense                  Defense                  
   William Nylander         Reilly Smith             Kevin Fiala              Ivan Provorov            Miro Heiskanen           

Goaltenders
Starting : Thatcher Demko           
Backup : Martin Jones             

Extra Forwards
Normal : Nicolas Roy, Aleksi Saarela, Andrew Mangiapane - PP : Nicolas Roy, Aleksi Saarela - PK : Andrew Mangiapane
Extra Defensemen
Normal : Philippe Myers, Juuso Valimaki, Alec Martinez - PP : Philippe Myers - PK : Juuso Valimaki, Alec Martinez
Penalty Shots
Reilly Smith, William Nylander, Kevin Fiala, Ilya Kovalchuk, Blake Comeau

Scratches
Filip Zadina (Healthy), BOS Cap Hit (Suspend), Robert Hagg (Healthy)

LOS ANGELES

5 vs 5 Forward 
   Center                   Left Wing                Right Wing               Time % Phy DF OF 
 1 Mika Zibanejad           Tyler Seguin             Mike Hoffman             35     1   2  2  
 2 Jonathan Toews           Nick Bonino              Travis Zajac             30     1   2  2  
 3 Vladislav Namestnikov    Nick Cousins             Artem Anisimov           25     1   2  2  
 4 Riley Nash               Gabriel Bourque          Valentin Zykov           10     1   2  2  

5 vs 5 Defense 
   Defense                  Defense                                           Time % Phy DF OF 
 1 Kris Letang              Ryan McDonagh                                     35     1   2  2  
 2 Zdeno Chara              Alex Goligoski                                    30     1   2  2  
 3 Johnny Boychuk           Josh Manson                                       25     1   2  2  
 4 Tim Heed                 Kris Letang                                       10     1   2  2  

PowerPlay Forward 
   Center                   Left Wing                Right Wing               Time % Phy DF OF 
 1 Mika Zibanejad           Tyler Seguin             Mike Hoffman             60     1   2  2  
 2 Jonathan Toews           Nick Bonino              Travis Zajac             40     1   2  2  

PowerPlay Defense
   Defense                  Defense                                           Time % Phy DF OF 
 1 Kris Letang              Ryan McDonagh                                     60     1   2  2  
 2 Zdeno Chara              Alex Goligoski                                    40     1   2  2  

Penalty Kill 4 Players Forward 
   Center                   Wing                     Time % Phy DF OF 
 1 Mika Zibanejad           Jonathan Toews           60     1   2  2  
 2 Tyler Seguin             Mike Hoffman             40     1   2  2  

Penalty Kill 4 Players Defense
   Defense                  Defense                  Time % Phy DF OF 
 1 Kris Letang              Ryan McDonagh            60     1   2  2  
 2 Zdeno Chara              Alex Goligoski           40     1   2  2  

Penalty Kill - 3 Players Forward 
   Forward                                           Time % Phy DF OF 
 1 Mika Zibanejad                                    60     1   2  2  
 2 Jonathan Toews                                    40     1   2  2  

Penalty Kill - 3 Players Defense
   Defense                  Defense                  Time % Phy DF OF 
 1 Kris Letang              Ryan McDonagh            60     1   2  2  
 2 Zdeno Chara              Alex Goligoski           40     1   2  2  

4 vs 4 Forward 
   Center                   Wing                     Time % Phy DF OF 
 1 Mika Zibanejad           Jonathan Toews           60     1   2  2  
 2 Tyler Seguin             Mike Hoffman             40     1   2  2  

4 vs 4 Defense
   Defense                  Defense                  Time % Phy DF OF 
 1 Kris Letang              Ryan McDonagh            60     1   2  2  
 2 Zdeno Chara              Alex Goligoski           40     1   2  2  

Last Minutes Offensive
   Center                   Left Wing                Right Wing               Defense                  Defense                  
   Mika Zibanejad           Tyler Seguin             Mike Hoffman             Kris Letang              Ryan McDonagh            

Last Minutes Defensive
   Center                   Left Wing                Right Wing               Defense                  Defense                  
   Mika Zibanejad           Tyler Seguin             Mike Hoffman             Kris Letang              Ryan McDonagh            

Goaltenders
Starting : Antti Raanta             
Backup : Jaroslav Halak           

Extra Forwards
Normal : John Quenneville, Vladislav Namestnikov, Artem Anisimov - PP : John Quenneville, Vladislav Namestnikov - PK : Artem Anisimov
Extra Defensemen
Normal : Johnny Boychuk, Josh Manson, Tim Heed - PP : Johnny Boychuk - PK : Josh Manson, Tim Heed
Penalty Shots
Mika Zibanejad, Jonathan Toews, Tyler Seguin, Mike Hoffman, Nick Bonino

Scratches
Matthew Tkachuk (Healthy)

% Time on Ice - BOSTON

Lines # - Real PCT - Wanted PCT - Time Play
Normal Forward
1 - 29% - 35% - 14:40
2 - 33% - 30% - 16:30
3 - 30% - 25% - 14:54
4 - 8% - 10% - 4:10
Normal Defense
1 - 34% - 35% - 17:10
2 - 32% - 30% - 16:17
3 - 28% - 25% - 14:05
4 - 5% - 10% - 2:42
PP Forward
1 - 42% - 60% - 1:37
2 - 58% - 40% - 2:12
PP Defense
1 - 48% - 60% - 1:49
2 - 52% - 40% - 2:00
PK Forward
1 - 68% - 60% - 4:02
2 - 32% - 40% - 1:55
PK Defense
1 - 62% - 60% - 3:40
2 - 38% - 40% - 2:17
PK3 Forward
1 - 0% - 60%
2 - 0% - 40%
PK3 Defense
1 - 0% - 60%
2 - 0% - 40%
44 Forward
1 - 0% - 60%
2 - 0% - 40%
44 Defense
1 - 0% - 60%
2 - 0% - 40%
Last Minute Offensive  - 0:00
Last Minute Defensive  - 0:00
Total
Forward - 60:00
Defense - 60:00

% Time on Ice - LOS ANGELES

Lines # - Real PCT - Wanted PCT - Time Play
Normal Forward
1 - 33% - 35% - 16:21
2 - 29% - 30% - 14:42
3 - 27% - 25% - 13:42
4 - 11% - 10% - 5:29
Normal Defense
1 - 31% - 35% - 15:33
2 - 32% - 30% - 15:52
3 - 29% - 25% - 14:35
4 - 8% - 10% - 4:14
PP Forward
1 - 54% - 60% - 3:11
2 - 46% - 40% - 2:46
PP Defense
1 - 45% - 60% - 2:42
2 - 55% - 40% - 3:15
PK Forward
1 - 73% - 60% - 2:48
2 - 27% - 40% - 1:01
PK Defense
1 - 57% - 60% - 2:11
2 - 43% - 40% - 1:38
PK3 Forward
1 - 0% - 60%
2 - 0% - 40%
PK3 Defense
1 - 0% - 60%
2 - 0% - 40%
44 Forward
1 - 0% - 60%
2 - 0% - 40%
44 Defense
1 - 0% - 60%
2 - 0% - 40%
Last Minute Offensive  - 0:00
Last Minute Defensive  - 0:00
Total
Forward - 60:00
Defense - 60:00

Play-by-Play

1st period


0:01 of 1st period - William Nylander wins face-off versus Mika Zibanejad in neutral zone.
1:00 of 1st period - Minor Penalty to Ivan Barbashev for Hooking.
1:01 of 1st period - Reilly Smith wins face-off versus Jonathan Toews in BOSTON zone.
1:27 of 1st period - Shot by Zdeno Chara.
1:27 of 1st period - Stopped by Thatcher Demko with a rebound.
1:37 of 1st period - Shot by Nick Bonino.
1:37 of 1st period - Shot Hit the Post.
1:57 of 1st period - Filip Hronek is hit by Mike Hoffman and loses puck.
2:38 of 1st period - Shot by Jonathan Toews.
2:38 of 1st period - Shot Blocked by Reilly Smith.
2:40 of 1st period - Shot by Alex Goligoski.
2:40 of 1st period - Shot Misses the Net.
2:42 of 1st period - Shot by Alex Goligoski.
2:42 of 1st period - Stopped by Thatcher Demko without a rebound.
2:43 of 1st period - Mika Zibanejad wins face-off versus Kevin Fiala in BOSTON zone.
2:56 of 1st period - Shot by Mika Zibanejad.
2:56 of 1st period - Shot Misses the Net.
3:14 of 1st period - Shot by Philippe Myers.
3:14 of 1st period - Shot Misses the Net.
3:16 of 1st period - Shot by Ivan Barbashev.
3:16 of 1st period - Goal by Ivan Barbashev - BOSTON : 1 - LOS ANGELES : 0.
3:17 of 1st period - Riley Nash wins face-off versus Casey Mittelstadt in neutral zone.
3:20 of 1st period - Shot by Valentin Zykov.
3:20 of 1st period - Stopped by Thatcher Demko without a rebound.
3:21 of 1st period - Vladislav Namestnikov wins face-off versus Casey Mittelstadt in BOSTON zone.
3:26 of 1st period - Shot by Nick Cousins.
3:26 of 1st period - Shot Misses the Net.
3:28 of 1st period - Shot by Johnny Boychuk.
3:28 of 1st period - Stopped by Thatcher Demko with a rebound.
3:30 of 1st period - Shot by Vladislav Namestnikov.
3:30 of 1st period - Stopped by Thatcher Demko with a rebound.
3:32 of 1st period - Shot by Johnny Boychuk.
3:32 of 1st period - Stopped by Thatcher Demko without a rebound.
3:33 of 1st period - Jonathan Toews wins face-off versus Ivan Barbashev in BOSTON zone.
4:08 of 1st period - Shot by Jonathan Toews.
4:08 of 1st period - Shot Misses the Net.
4:10 of 1st period - Shot by Alex Goligoski.
4:10 of 1st period - Stopped by Thatcher Demko without a rebound.
4:11 of 1st period - Mika Zibanejad wins face-off versus Casey Mittelstadt in BOSTON zone.
4:28 of 1st period - Shot by Miles Wood.
4:28 of 1st period - Shot Blocked by Ryan McDonagh.
4:38 of 1st period - Shot by Andrew Mangiapane.
4:38 of 1st period - Shot Blocked by Ryan McDonagh.
5:32 of 1st period - Vladislav Namestnikov is hit by Kevin Fiala and loses puck.
6:11 of 1st period - Off-side.
6:12 of 1st period - Casey Mittelstadt wins face-off versus Jonathan Toews in neutral zone.
6:24 of 1st period - Shot by Nick Bonino.
6:24 of 1st period - Shot Misses the Net.
6:26 of 1st period - Shot by Nick Bonino.
6:26 of 1st period - Shot Misses the Net.
6:28 of 1st period - Shot by Zdeno Chara.
6:28 of 1st period - Shot Misses the Net.
6:34 of 1st period - Shot by Jonathan Toews.
6:34 of 1st period - Stopped by Thatcher Demko with a rebound.
6:36 of 1st period - Shot by Nick Bonino.
6:36 of 1st period - Goal by Nick Bonino - BOSTON : 1 - LOS ANGELES : 1.
6:37 of 1st period - Ivan Barbashev wins face-off versus Valentin Zykov in neutral zone.
6:52 of 1st period - Gabriel Bourque is hit by Philippe Myers and loses puck.
7:02 of 1st period - Valentin Zykov is hit by Juuso Valimaki.
7:10 of 1st period - Shot by Riley Nash.
7:10 of 1st period - Shot Misses the Net.
7:15 of 1st period - Minor Penalty to Philippe Myers for Holding.
7:16 of 1st period - William Nylander wins face-off versus Mika Zibanejad in BOSTON zone.
7:16 of 1st period - Ivan Provorov is hit by Mika Zibanejad.
7:49 of 1st period - Shot by Mika Zibanejad.
7:49 of 1st period - Stopped by Thatcher Demko without a rebound.
7:50 of 1st period - Jonathan Toews wins face-off versus William Nylander in BOSTON zone.
7:59 of 1st period - Shot by Jonathan Toews.
7:59 of 1st period - Stopped by Thatcher Demko without a rebound.
8:00 of 1st period - Jonathan Toews wins face-off versus Reilly Smith in BOSTON zone.
8:01 of 1st period - Shot by Ryan McDonagh.
8:01 of 1st period - Shot Hit the Post.
8:03 of 1st period - Shot by Ryan McDonagh.
8:03 of 1st period - Shot Blocked by Ivan Provorov.
8:34 of 1st period - Off-side.
8:35 of 1st period - Mika Zibanejad wins face-off versus Kevin Fiala in neutral zone.
9:02 of 1st period - Shot by Tyler Seguin.
9:02 of 1st period - Shot Misses the Net.
9:16 of 1st period - Shot by Vladislav Namestnikov.
9:16 of 1st period - Shot Misses the Net.
9:18 of 1st period - Shot by Josh Manson.
9:18 of 1st period - Shot Misses the Net.
9:20 of 1st period - Shot by Nick Cousins.
9:20 of 1st period - Goal by Nick Cousins - BOSTON : 1 - LOS ANGELES : 2.
9:21 of 1st period - Jonathan Toews wins face-off versus Casey Mittelstadt in neutral zone.
9:49 of 1st period - Shot by Jonathan Toews.
9:49 of 1st period - Stopped by Thatcher Demko with a rebound.
9:55 of 1st period - Shot by Nick Bonino.
9:55 of 1st period - Stopped by Thatcher Demko without a rebound.
9:56 of 1st period - Ivan Barbashev wins face-off versus Vladislav Namestnikov in BOSTON zone.
10:19 of 1st period - Shot by Nick Cousins.
10:19 of 1st period - Stopped by Thatcher Demko without a rebound.
10:20 of 1st period - William Nylander wins face-off versus Mika Zibanejad in BOSTON zone.
10:27 of 1st period - Shot by Reilly Smith.
10:27 of 1st period - Stopped by Antti Raanta without a rebound.
10:28 of 1st period - Mika Zibanejad wins face-off versus William Nylander in LOS ANGELES zone.
10:37 of 1st period - Shot by Mika Zibanejad.
10:37 of 1st period - Goal by Mika Zibanejad - BOSTON : 1 - LOS ANGELES : 3.
10:38 of 1st period - Jonathan Toews wins face-off versus Ivan Barbashev in neutral zone.
10:48 of 1st period - Off-side.
10:49 of 1st period - Mika Zibanejad wins face-off versus William Nylander in neutral zone.
11:02 of 1st period - Shot by Mika Zibanejad.
11:02 of 1st period - Stopped by Thatcher Demko without a rebound.
11:03 of 1st period - Jonathan Toews wins face-off versus Casey Mittelstadt in BOSTON zone.
11:04 of 1st period - Shot by Kris Letang.
11:04 of 1st period - Stopped by Thatcher Demko with a rebound.
11:15 of 1st period - Casey Mittelstadt is hit by Kris Letang and loses puck.
11:18 of 1st period - Shot by Ivan Provorov.
11:18 of 1st period - Shot Misses the Net.
11:20 of 1st period - Shot by Miles Wood.
11:20 of 1st period - Stopped by Antti Raanta with a rebound.
11:42 of 1st period - Shot by Jonathan Toews.
11:42 of 1st period - Shot Misses the Net.
12:03 of 1st period - Tyler Seguin is hit by Filip Hronek and loses puck.
12:11 of 1st period - Off-side.
12:12 of 1st period - Vladislav Namestnikov wins face-off versus Ivan Barbashev in neutral zone.
12:23 of 1st period - Shot by Vladislav Namestnikov.
12:23 of 1st period - Stopped by Thatcher Demko without a rebound.
12:24 of 1st period - Kevin Fiala wins face-off versus Mika Zibanejad in BOSTON zone.
12:37 of 1st period - Icing by Mika Zibanejad.
12:38 of 1st period - Ivan Barbashev wins face-off versus Mika Zibanejad in LOS ANGELES zone.
12:41 of 1st period - Shot by Blake Comeau.
12:41 of 1st period - Shot Misses the Net.
12:49 of 1st period - Shot by Blake Comeau.
12:49 of 1st period - Stopped by Antti Raanta without a rebound.
12:50 of 1st period - Jonathan Toews wins face-off versus William Nylander in LOS ANGELES zone.
13:03 of 1st period - Shot by Jonathan Toews.
13:03 of 1st period - Shot Misses the Net.
13:09 of 1st period - Shot by Ryan McDonagh.
13:09 of 1st period - Shot Misses the Net.
13:11 of 1st period - Shot by Kris Letang.
13:11 of 1st period - Stopped by Thatcher Demko without a rebound.
13:12 of 1st period - Mika Zibanejad wins face-off versus Ivan Barbashev in BOSTON zone.
14:57 of 1st period - Andrew Mangiapane is hit by Vladislav Namestnikov and loses puck.
15:03 of 1st period - Off-side.
15:04 of 1st period - Casey Mittelstadt wins face-off versus Jonathan Toews in neutral zone.
15:27 of 1st period - Shot by Miles Wood.
15:27 of 1st period - Shot Misses the Net.
18:46 of 1st period - Philippe Myers is hit by Mike Hoffman and loses puck.
19:02 of 1st period - Off-side.
19:03 of 1st period - Nick Cousins wins face-off versus Ivan Barbashev in neutral zone.
19:17 of 1st period - Icing by Johnny Boychuk.
19:18 of 1st period - Ivan Barbashev wins face-off versus Vladislav Namestnikov in LOS ANGELES zone.
19:29 of 1st period - Shot by Filip Hronek.
19:29 of 1st period - Stopped by Antti Raanta without a rebound.
19:30 of 1st period - Jonathan Toews wins face-off versus Casey Mittelstadt in LOS ANGELES zone.
19:38 of 1st period - Icing by Juuso Valimaki.
19:39 of 1st period - Casey Mittelstadt wins face-off versus Vladislav Namestnikov in BOSTON zone.
Goals for this period are 1 for BOSTON vs 3 for LOS ANGELES.
Shots for this period are 5 for BOSTON vs 20 for LOS ANGELES.

2nd period


0:01 of 2nd period - Tyler Seguin wins face-off versus Alexandre Texier in neutral zone.
0:40 of 2nd period - Shot by Reilly Smith.
0:40 of 2nd period - Shot Misses the Net.
1:10 of 2nd period - Icing by Alec Martinez.
1:11 of 2nd period - Ivan Barbashev wins face-off versus Jonathan Toews in BOSTON zone.
1:11 of 2nd period - Ivan Barbashev is hit by Jonathan Toews.
1:19 of 2nd period - Shot by Jonathan Toews.
1:19 of 2nd period - Shot Hit the Post.
1:21 of 2nd period - Shot by Travis Zajac.
1:21 of 2nd period - Shot Misses the Net.
1:23 of 2nd period - Shot by Zdeno Chara.
1:23 of 2nd period - Shot Blocked by Filip Hronek.
1:35 of 2nd period - Shot by Nick Bonino.
1:35 of 2nd period - Deflect By Travis Zajac.
1:35 of 2nd period - Shot Misses the Net.
2:17 of 2nd period - Shot by Miles Wood.
2:17 of 2nd period - Shot Misses the Net.
2:35 of 2nd period - Shot by Miles Wood.
2:35 of 2nd period - Shot Blocked by Johnny Boychuk.
3:04 of 2nd period - Juuso Valimaki is hit by Valentin Zykov and loses puck.
4:00 of 2nd period - Minor Penalty to Mike Hoffman for Kneeing.
4:01 of 2nd period - Mika Zibanejad wins face-off versus Ivan Barbashev in LOS ANGELES zone.
4:17 of 2nd period - Shot by Alec Martinez.
4:17 of 2nd period - Stopped by Antti Raanta without a rebound.
4:18 of 2nd period - Ivan Barbashev wins face-off versus Mika Zibanejad in LOS ANGELES zone.
5:34 of 2nd period - Shot by William Nylander.
5:34 of 2nd period - Shot Misses the Net.
5:36 of 2nd period - Shot by William Nylander.
5:36 of 2nd period - Shot Blocked by Kris Letang.
5:38 of 2nd period - Shot by Filip Hronek.
5:38 of 2nd period - Stopped by Antti Raanta without a rebound.
5:39 of 2nd period - Reilly Smith wins face-off versus Tyler Seguin in LOS ANGELES zone.
6:03 of 2nd period - Shot by Andrew Mangiapane.
6:03 of 2nd period - Stopped by Antti Raanta without a rebound.
6:04 of 2nd period - Casey Mittelstadt wins face-off versus Riley Nash in LOS ANGELES zone.
6:13 of 2nd period - Juuso Valimaki is hit by Gabriel Bourque and loses puck.
6:32 of 2nd period - Gabriel Bourque is hit by Juuso Valimaki and loses puck.
6:41 of 2nd period - Shot by Riley Nash.
6:41 of 2nd period - Stopped by Thatcher Demko without a rebound.
6:42 of 2nd period - Tyler Seguin wins face-off versus Alexandre Texier in BOSTON zone.
6:42 of 2nd period - Tyler Seguin is hit by Ivan Provorov.
6:51 of 2nd period - Minor Penalty to Ivan Provorov for Hooking.
6:52 of 2nd period - Reilly Smith wins face-off versus Mika Zibanejad in BOSTON zone.
6:52 of 2nd period - Reilly Smith is hit by Tyler Seguin.
7:10 of 2nd period - Shot by Reilly Smith.
7:10 of 2nd period - Stopped by Antti Raanta without a rebound.
7:11 of 2nd period - Reilly Smith wins face-off versus Jonathan Toews in LOS ANGELES zone.
7:45 of 2nd period - Off-side.
7:46 of 2nd period - Mika Zibanejad wins face-off versus Reilly Smith in neutral zone.
8:56 of 2nd period - Miles Wood is hit by Josh Manson and loses puck.
10:03 of 2nd period - Shot by Jonathan Toews.
10:03 of 2nd period - Stopped by Thatcher Demko without a rebound.
10:04 of 2nd period - Tyler Seguin wins face-off versus Alexandre Texier in BOSTON zone.
10:05 of 2nd period - Shot by Mike Hoffman.
10:05 of 2nd period - Stopped by Thatcher Demko with a rebound.
10:07 of 2nd period - Shot by Kris Letang.
10:07 of 2nd period - Shot Misses the Net.
10:09 of 2nd period - Shot by Mika Zibanejad.
10:09 of 2nd period - Stopped by Thatcher Demko with a rebound.
10:13 of 2nd period - Shot by Ryan McDonagh.
10:13 of 2nd period - Deflect By Mika Zibanejad.
10:13 of 2nd period - Shot Misses the Net.
10:28 of 2nd period - Shot by Mike Hoffman.
10:28 of 2nd period - Shot Misses the Net.
10:38 of 2nd period - Shot by Tyler Seguin.
10:38 of 2nd period - Shot Misses the Net.
10:40 of 2nd period - Shot by Ryan McDonagh.
10:40 of 2nd period - Shot Blocked by Philippe Myers.
11:07 of 2nd period - Juuso Valimaki is hit by Jonathan Toews and loses puck.
11:32 of 2nd period - Shot by Travis Zajac.
11:32 of 2nd period - Goal by Travis Zajac - BOSTON : 1 - LOS ANGELES : 4.
11:33 of 2nd period - Vladislav Namestnikov wins face-off versus Ivan Barbashev in neutral zone.
12:29 of 2nd period - Filip Hronek is hit by Johnny Boychuk and loses puck.
12:53 of 2nd period - Andrew Mangiapane is hit by Johnny Boychuk and loses puck.
13:47 of 2nd period - Icing by Nicolas Roy.
13:48 of 2nd period - Jonathan Toews wins face-off versus William Nylander in BOSTON zone.
13:51 of 2nd period - Shot by Kris Letang.
13:51 of 2nd period - Shot Blocked by Miro Heiskanen.
14:01 of 2nd period - Shot by Jonathan Toews.
14:01 of 2nd period - Shot Misses the Net.
14:03 of 2nd period - Shot by Jonathan Toews.
14:03 of 2nd period - Shot Blocked by Miro Heiskanen.
14:05 of 2nd period - Shot by Nick Bonino.
14:05 of 2nd period - Stopped by Thatcher Demko without a rebound.
14:06 of 2nd period - Mika Zibanejad wins face-off versus Ivan Barbashev in BOSTON zone.
14:09 of 2nd period - Shot by Mike Hoffman.
14:09 of 2nd period - Deflect By Mika Zibanejad.
14:09 of 2nd period - Shot Misses the Net.
14:23 of 2nd period - Alex Goligoski is hit by Blake Comeau and loses puck.
14:32 of 2nd period - Shot by Alec Martinez.
14:32 of 2nd period - Stopped by Antti Raanta with a rebound.
15:12 of 2nd period - Shot by Andrew Mangiapane.
15:12 of 2nd period - Shot Blocked by Alex Goligoski.
15:14 of 2nd period - Shot by Andrew Mangiapane.
15:14 of 2nd period - Shot Misses the Net.
15:16 of 2nd period - Shot by Philippe Myers.
15:16 of 2nd period - Stopped by Antti Raanta without a rebound.
15:17 of 2nd period - William Nylander wins face-off versus Jonathan Toews in LOS ANGELES zone.
15:23 of 2nd period - Kevin Fiala is hit by Kris Letang and loses puck.
15:30 of 2nd period - Shot by Reilly Smith.
15:30 of 2nd period - Shot Hit the Post.
15:38 of 2nd period - William Nylander is hit by Nick Bonino and loses puck.
15:50 of 2nd period - Icing by Kevin Fiala.
15:51 of 2nd period - Riley Nash wins face-off versus William Nylander in BOSTON zone.
16:17 of 2nd period - Ivan Provorov is hit by Gabriel Bourque and loses puck.
16:21 of 2nd period - Miro Heiskanen is hit by Kris Letang and loses puck.
16:24 of 2nd period - Shot by Ivan Barbashev.
16:24 of 2nd period - Deflect By Ilya Kovalchuk.
16:24 of 2nd period - Shot Misses the Net.
16:26 of 2nd period - Shot by Ivan Barbashev.
16:26 of 2nd period - Deflect By Ilya Kovalchuk.
16:26 of 2nd period - Stopped by Antti Raanta without a rebound.
16:27 of 2nd period - Jonathan Toews wins face-off versus Casey Mittelstadt in LOS ANGELES zone.
16:27 of 2nd period - Jonathan Toews is hit by Miles Wood.
16:30 of 2nd period - Nick Bonino is hit by Andrew Mangiapane and loses puck.
16:43 of 2nd period - Miles Wood is hit by Zdeno Chara and loses puck.
16:51 of 2nd period - Icing by Alex Goligoski.
16:52 of 2nd period - Ivan Barbashev wins face-off versus Jonathan Toews in LOS ANGELES zone.
17:07 of 2nd period - Shot by Travis Zajac.
17:07 of 2nd period - Shot Blocked by Ivan Provorov.
17:09 of 2nd period - Shot by Nick Bonino.
17:09 of 2nd period - Shot Misses the Net.
17:44 of 2nd period - Kevin Fiala is hit by Mike Hoffman and loses puck.
18:23 of 2nd period - Icing by Ryan McDonagh.
18:24 of 2nd period - Casey Mittelstadt wins face-off versus Vladislav Namestnikov in LOS ANGELES zone.
18:27 of 2nd period - Shot by Miles Wood.
18:27 of 2nd period - Stopped by Antti Raanta with a rebound.
18:29 of 2nd period - Shot by Philippe Myers.
18:29 of 2nd period - Shot Misses the Net.
18:49 of 2nd period - Miles Wood is hit by Ryan McDonagh and loses puck.
18:55 of 2nd period - Casey Mittelstadt is hit by Kris Letang and loses puck.
19:00 of 2nd period - Shot by Miles Wood.
19:00 of 2nd period - Stopped by Antti Raanta without a rebound.
19:01 of 2nd period - Ivan Barbashev wins face-off versus Jonathan Toews in LOS ANGELES zone.
19:24 of 2nd period - Shot by Nick Bonino.
19:24 of 2nd period - Shot Blocked by Miro Heiskanen.
19:55 of 2nd period - Shot by Mika Zibanejad.
19:55 of 2nd period - Stopped by Thatcher Demko with a rebound.
19:57 of 2nd period - Shot by Mike Hoffman.
19:57 of 2nd period - Stopped by Thatcher Demko with a rebound.
19:59 of 2nd period - Shot by Tyler Seguin.
19:59 of 2nd period - Shot Misses the Net.
Goals for this period are 0 for BOSTON vs 1 for LOS ANGELES.
Shots for this period are 9 for BOSTON vs 8 for LOS ANGELES.

3rd period


0:01 of 3rd period - William Nylander wins face-off versus Mika Zibanejad in neutral zone.
0:03 of 3rd period - Miro Heiskanen is hit by Kris Letang and loses puck.
0:17 of 3rd period - Ryan McDonagh is hit by Reilly Smith and loses puck.
0:44 of 3rd period - Icing by Miro Heiskanen.
0:45 of 3rd period - Jonathan Toews wins face-off versus William Nylander in BOSTON zone.
0:46 of 3rd period - Shot by Travis Zajac.
0:46 of 3rd period - Stopped by Thatcher Demko without a rebound.
0:47 of 3rd period - Jonathan Toews wins face-off versus Ivan Barbashev in BOSTON zone.
0:47 of 3rd period - Alex Goligoski is hit by Filip Hronek and loses puck.
1:04 of 3rd period - Shot by Nick Bonino.
1:04 of 3rd period - Deflect By Jonathan Toews.
1:04 of 3rd period - Shot Hit the Post.
1:06 of 3rd period - Shot by Alex Goligoski.
1:06 of 3rd period - Deflect By Jonathan Toews.
1:06 of 3rd period - Shot Misses the Net.
1:08 of 3rd period - Shot by Nick Bonino.
1:08 of 3rd period - Shot Blocked by Filip Hronek.
1:10 of 3rd period - Shot by Zdeno Chara.
1:10 of 3rd period - Shot Misses the Net.
1:17 of 3rd period - Off-side.
1:18 of 3rd period - Vladislav Namestnikov wins face-off versus Casey Mittelstadt in neutral zone.
1:21 of 3rd period - Shot by Kris Letang.
1:21 of 3rd period - Shot Misses the Net.
1:52 of 3rd period - Shot by Nick Cousins.
1:52 of 3rd period - Shot Misses the Net.
1:56 of 3rd period - Shot by Artem Anisimov.
1:56 of 3rd period - Stopped by Thatcher Demko without a rebound.
1:57 of 3rd period - William Nylander wins face-off versus Mika Zibanejad in BOSTON zone.
3:06 of 3rd period - Icing by Alec Martinez.
3:07 of 3rd period - Vladislav Namestnikov wins face-off versus Ivan Barbashev in BOSTON zone.
4:20 of 3rd period - Philippe Myers is hit by Travis Zajac.
4:21 of 3rd period - Icing by Philippe Myers.
4:22 of 3rd period - Mika Zibanejad wins face-off versus Casey Mittelstadt in BOSTON zone.
4:48 of 3rd period - Icing by Ivan Provorov.
4:49 of 3rd period - William Nylander wins face-off versus Jonathan Toews in BOSTON zone.
4:49 of 3rd period - William Nylander is hit by Nick Bonino.
5:25 of 3rd period - Shot by William Nylander.
5:25 of 3rd period - Shot Misses the Net.
6:57 of 3rd period - Shot by Andrew Mangiapane.
6:57 of 3rd period - Deflect By Miles Wood.
6:57 of 3rd period - Stopped by Antti Raanta without a rebound.
6:58 of 3rd period - Vladislav Namestnikov wins face-off versus Alexandre Texier in LOS ANGELES zone.
7:00 of 3rd period - Icing by Alex Goligoski.
7:01 of 3rd period - Vladislav Namestnikov wins face-off versus William Nylander in LOS ANGELES zone.
7:05 of 3rd period - Icing by Zdeno Chara.
7:06 of 3rd period - Vladislav Namestnikov wins face-off versus William Nylander in LOS ANGELES zone.
7:23 of 3rd period - Shot by Miro Heiskanen.
7:23 of 3rd period - Shot Misses the Net.
7:37 of 3rd period - Shot by Vladislav Namestnikov.
7:37 of 3rd period - Shot Blocked by Miro Heiskanen.
8:12 of 3rd period - Shot by Nick Bonino.
8:12 of 3rd period - Shot Misses the Net.
8:14 of 3rd period - Shot by Josh Manson.
8:14 of 3rd period - Shot Blocked by Blake Comeau.
8:16 of 3rd period - Shot by Nick Bonino.
8:16 of 3rd period - Stopped by Thatcher Demko with a rebound.
8:18 of 3rd period - Shot by Nick Bonino.
8:18 of 3rd period - Shot Blocked by Alec Martinez.
8:28 of 3rd period - Shot by Travis Zajac.
8:28 of 3rd period - Stopped by Thatcher Demko without a rebound.
8:29 of 3rd period - Casey Mittelstadt wins face-off versus Mika Zibanejad in BOSTON zone.
8:29 of 3rd period - Casey Mittelstadt is hit by Tyler Seguin.
8:55 of 3rd period - Shot by Miles Wood.
8:55 of 3rd period - Stopped by Antti Raanta without a rebound.
8:56 of 3rd period - Jonathan Toews wins face-off versus Alexandre Texier in LOS ANGELES zone.
9:58 of 3rd period - Shot by Tyler Seguin.
9:58 of 3rd period - Stopped by Thatcher Demko without a rebound.
9:59 of 3rd period - Ivan Barbashev wins face-off versus Vladislav Namestnikov in BOSTON zone.
10:45 of 3rd period - Icing by Blake Comeau.
10:46 of 3rd period - Mika Zibanejad wins face-off versus Ivan Barbashev in BOSTON zone.
10:57 of 3rd period - Shot by Tyler Seguin.
10:57 of 3rd period - Stopped by Thatcher Demko without a rebound.
10:58 of 3rd period - Jonathan Toews wins face-off versus Casey Mittelstadt in BOSTON zone.
11:20 of 3rd period - Icing by Johnny Boychuk.
11:21 of 3rd period - Jonathan Toews wins face-off versus William Nylander in LOS ANGELES zone.
11:44 of 3rd period - Shot by Travis Zajac.
11:44 of 3rd period - Shot Misses the Net.
11:46 of 3rd period - Shot by Travis Zajac.
11:46 of 3rd period - Shot Misses the Net.
11:48 of 3rd period - Shot by Travis Zajac.
11:48 of 3rd period - Shot Misses the Net.
14:20 of 3rd period - Icing by Juuso Valimaki.
14:21 of 3rd period - Casey Mittelstadt wins face-off versus Jonathan Toews in BOSTON zone.
14:21 of 3rd period - Casey Mittelstadt is hit by Travis Zajac.
14:26 of 3rd period - Andrew Mangiapane is hit by Kris Letang and loses puck.
14:55 of 3rd period - Shot by Jonathan Toews.
14:55 of 3rd period - Shot Misses the Net.
15:16 of 3rd period - Off-side.
15:17 of 3rd period - Ivan Barbashev wins face-off versus Mika Zibanejad in neutral zone.
15:19 of 3rd period - Filip Hronek is hit by Josh Manson and loses puck.
15:20 of 3rd period - Minor Penalty to Josh Manson for Roughing.
15:21 of 3rd period - Mika Zibanejad wins face-off versus Ivan Barbashev in LOS ANGELES zone.
15:50 of 3rd period - Shot by Filip Hronek.
15:50 of 3rd period - Stopped by Antti Raanta without a rebound.
15:51 of 3rd period - Tyler Seguin wins face-off versus William Nylander in LOS ANGELES zone.
16:00 of 3rd period - Mika Zibanejad is hit by William Nylander.
16:04 of 3rd period - Shot by Ivan Provorov.
16:04 of 3rd period - Stopped by Antti Raanta without a rebound.
16:05 of 3rd period - Mika Zibanejad wins face-off versus Reilly Smith in LOS ANGELES zone.
16:15 of 3rd period - Icing by Ivan Provorov.
16:16 of 3rd period - Mika Zibanejad wins face-off versus William Nylander in BOSTON zone.
16:42 of 3rd period - Shot by Miro Heiskanen.
16:42 of 3rd period - Stopped by Antti Raanta without a rebound.
16:43 of 3rd period - Mika Zibanejad wins face-off versus Ivan Barbashev in LOS ANGELES zone.
17:08 of 3rd period - Shot by Ivan Barbashev.
17:08 of 3rd period - Shot Blocked by Ryan McDonagh.
17:10 of 3rd period - Shot by Blake Comeau.
17:10 of 3rd period - Goal by Blake Comeau - BOSTON : 2 - LOS ANGELES : 4.
17:11 of 3rd period - Riley Nash wins face-off versus Casey Mittelstadt in neutral zone.
17:33 of 3rd period - Shot by Andrew Mangiapane.
17:33 of 3rd period - Shot Blocked by Valentin Zykov.
17:35 of 3rd period - Shot by Andrew Mangiapane.
17:35 of 3rd period - Shot Misses the Net.
17:37 of 3rd period - Shot by Ivan Provorov.
17:37 of 3rd period - Stopped by Antti Raanta with a rebound.
17:39 of 3rd period - Shot by Miro Heiskanen.
17:39 of 3rd period - Stopped by Antti Raanta without a rebound.
17:40 of 3rd period - William Nylander wins face-off versus Mika Zibanejad in LOS ANGELES zone.
17:57 of 3rd period - Shot by William Nylander.
17:57 of 3rd period - Shot Misses the Net.
18:16 of 3rd period - Icing by Tyler Seguin.
18:17 of 3rd period - Ivan Barbashev wins face-off versus Tyler Seguin in LOS ANGELES zone.
19:10 of 3rd period - Shot by Casey Mittelstadt.
19:10 of 3rd period - Stopped by Antti Raanta without a rebound.
19:11 of 3rd period - William Nylander wins face-off versus Vladislav Namestnikov in LOS ANGELES zone.
19:27 of 3rd period - Nick Cousins is hit by Alec Martinez and loses puck.
19:34 of 3rd period - Shot by Vladislav Namestnikov.
19:34 of 3rd period - Shot Blocked by Alec Martinez.
19:36 of 3rd period - Shot by Vladislav Namestnikov.
19:36 of 3rd period - Shot Blocked by Alec Martinez.
19:38 of 3rd period - Shot by Artem Anisimov.
19:38 of 3rd period - Stopped by Thatcher Demko without a rebound.
19:39 of 3rd period - Casey Mittelstadt wins face-off versus Riley Nash in BOSTON zone.
19:39 of 3rd period - Casey Mittelstadt is hit by Riley Nash.
Goals for this period are 1 for BOSTON vs 0 for LOS ANGELES.
Shots for this period are 9 for BOSTON vs 7 for LOS ANGELES.